 Dungeon Crawl Stone Soup version 0.23.2-40-g277498a001 (webtiles) character file.

Game seed: 18396712215174040340

942 Amplified the Skirmisher (level 7, -12/94 HPs)
             Began as a White Draconian Skald on Sept 25, 2019.
             Was a Believer of Okawaru.
             Killed by divine providence
             ... invoked by an orc priest
              (14 damage)
             ... on level 5 of the Dungeon.
             The game lasted 00:05:24 (4378 turns).

Amplified the Skirmisher (White Draconian Skald)    Turns: 4378, Time: 00:05:24

Health: -12/94     AC: 23    Str: 13    XL:     7   Next: 88%
Magic:  10/10      EV:  2    Int: 17    God:    Okawaru [**....]
Gold:   267        SH:  0    Dex: 13    Spells: 6/10 levels left

rFire    . . .     SeeInvis .   p - +4 morningstar (freeze)
rCold    . . .     Gourm    .   (no shield)
rNeg     + + +     Faith    .   (armour unavailable)
rPois    +         Spirit   .   (helmet currently unavailable)
rElec    .         Reflect  .   (cloak currently unavailable)
rCorr    .         Harm     .   (gloves currently unavailable)
MR       .....     NoTele   +   (boots currently unavailable)
Stlth    +.........             (no amulet)
HPRegen  0.25/turn              h - +4 ring of dexterity
MPRegen  0.12/turn              (no ring)

@: tree-form
A: (breathe frost), unfitting armour, clever 1, clumsy 1, screaming 1,
MP-powered wands, AC +6
a: Heroism, Renounce Religion


You were on level 5 of the Dungeon.
You worshipped Okawaru.
Okawaru was pleased with you.
You were hungry.
You were a tree.
You visited 1 branch of the dungeon, and saw 5 of its levels.

You collected 267 gold pieces.

Inventory:

Hand Weapons
 a - a +0 mace
 p - a +4 morningstar of freezing (weapon)
Armour
 b - a +0 pair of gloves (melded)
 d - a +0 cloak (melded)
 e - a +0 pair of boots (melded)
Jewellery
 h - a +4 ring of dexterity (left branch)
Wands
 l - a wand of digging (4)
Scrolls
 f - 2 scrolls of blinking
 g - a scroll of identify
 k - 2 scrolls of remove curse
 n - a scroll of summoning {unknown}
 o - 3 scrolls of fear
Potions
 i - a potion of brilliance
 j - a potion of lignification
Comestibles
 c - 4 rations


   Skills:
 * Level 6.2 Fighting
 * Level 5.6 Maces & Flails
 + Level 4.0 Dodging
 - Level 2.0 Spellcasting
 - Level 2.6 Charms
 + Level 3.1 Invocations


You had 6 spell levels left.
You knew the following spells:

 Your Spells              Type           Power        Failure   Level  Hunger
a - Infusion              Chrm           ##..         6%          1    #......
b - Spectral Weapon       Hex/Chrm       #.......     32%         3    ###....

Your spell library contained the following spells:

 Spells                   Type           Power        Failure   Level  Hunger
 Song of Slaying          Chrm           ##......     10%         2    ###....
 Shroud of Golubria       Chrm/Tloc      #.........   17%         2    ###....
 Regeneration             Chrm/Necr      #.........   32%         3    ###....


Dungeon Overview and Level Annotations

Branches:
Dungeon (5/15)
 Temple: D:4-7

Altars:
Ashenzari
Dithmenos
Hepliaklqana
Okawaru
Wu Jian
Yredelemnul


Innate Abilities, Weirdness & Mutations

((You can breathe waves of freezing cold.))
((You can buffet flying creatures when you breathe cold.))
((Your icy white scales are hard. (AC +6)))
You cannot fit into any form of body armour.
((Your flesh is cold resistant. (rC+)))
((You are cold-blooded and may be slowed by cold attacks.))
Your mind is acute. (Int +2)
You are clumsy. (Dex -2)
You occasionally shout uncontrollably at your foes.
You expend magic power (3 MP) to strengthen your wands.


Message History

* * * LOW HITPOINT WARNING * * *
You barely miss the worker ant.
The worker ant bites you but does no damage.
Unknown command.
You closely miss the worker ant.
The worker ant waves its antennae.
The worker ant bites you but does no damage.
The worker ant bites you.
* * * LOW HITPOINT WARNING * * *
The orc priest invokes the aid of Beogh against you.
Beogh smites you!
* * * LOW HITPOINT WARNING * * *
Okay, then.
Evoke which item? (* to show all) (? for menu, Esc to quit)
Okay, then.
You barely miss the worker ant.
The worker ant bites you but does no damage.
The orc priest calls down the wrath of Beogh upon you.
Beogh smites you!
You die...

### ..# #. #.# ... #.#
#...#####♣#
........#a######
.....o.).o.†<..#
......<.....)#.###########
.#..######................
........##...#########.###
.Y..###.......# #.# # o
#######.# #.# # .# #.# #


You could see a worker ant and an orc priest.

Vanquished Creatures
  An ice beast (D:4)
  A phantom (D:5)
  An ogre (D:5)
  A centaur (D:5)
  A howler monkey (D:5)
  2 jellies (D:5)
  An orc wizard (D:5)
  4 orc priests (D:5)
  2 hounds
  A bullfrog skeleton (D:5)
  2 worker ants (D:5)
  A hound skeleton (D:4)
  A worker ant zombie (D:5)
  A howler monkey skeleton (D:4)
  6 adders
  2 adder skeletons
  2 worms (D:2)
  4 dart slugs
  2 leopard geckos
  4 orcs
  4 giant cockroaches
  6 goblins
  7 hobgoblins
  19 jackals
  7 kobolds
  3 quokkas
  3 ball pythons
  13 bats
  8 frilled lizards
  2 gnoll zombies (D:2)
  9 rats
121 creatures vanquished.

Notes
Turn   | Place    | Note
-------+----------+-------------------------------------------
     0 | D:1      | Amplified the Draconian Skald began the quest for the Orb.
     0 | D:1      | Reached XP level 1. HP: 17/17 MP: 3/3
   209 | D:1      | Reached XP level 2. HP: 25/25 MP: 5/5
   609 | D:1      | Reached skill level 3 in Fighting
   610 | D:1      | Reached XP level 3. HP: 31/31 MP: 6/6
  1393 | D:2      | Reached XP level 4. HP: 20/38 MP: 7/7
  1583 | D:2      | Found a faded altar of an unknown god.
  1772 | D:2      | Found an ornate altar of the Wu Jian Council.
  2116 | D:2      | Found a basalt altar of Yredelemnul.
  2161 | D:2      | Found a shadowy altar of Dithmenos.
  2658 | D:3      | Found an iron altar of Okawaru.
  2663 | D:3      | Found a hazy altar of Hepliaklqana.
  2674 | D:3      | Became a worshipper of Warmaster Okawaru
  3144 | D:3      | Reached XP level 5. HP: 45/46 MP: 8/8
  3147 | D:3      | Reached skill level 4 in Fighting
  3288 | D:4      | Learned a level 3 spell: Spectral Weapon
  3295 | D:4      | Gained mutation: Your body sometimes deteriorates upon
                  | taking damage. [potion of mutation]
  3295 | D:4      | Gained mutation: Your mind is acute. (Int +2) [potion of
                  | mutation]
  3295 | D:4      | Gained mutation: You have large cloven feet. [potion of
                  | mutation]
  3296 | D:4      | Lost mutation: Your mind is acute. (Int +2) [potion of
                  | mutation]
  3296 | D:4      | Lost mutation: You have large cloven feet. [potion of
                  | mutation]
  3296 | D:4      | Lost mutation: Your body sometimes deteriorates upon taking
                  | damage. [potion of mutation]
  3296 | D:4      | Gained mutation: You are clumsy. (Dex -2) [potion of
                  | mutation]
  3296 | D:4      | Gained mutation: You passively map a small area around you.
                  | [potion of mutation]
  3299 | D:4      | Lost mutation: You are clumsy. (Dex -2) [potion of
                  | mutation]
  3299 | D:4      | Lost mutation: You passively map a small area around you.
                  | [potion of mutation]
  3299 | D:4      | Gained mutation: You are clumsy. (Dex -2) [potion of
                  | mutation]
  3299 | D:4      | Gained mutation: Your mind is acute. (Int +2) [potion of
                  | mutation]
  3299 | D:4      | Gained mutation: You occasionally shout uncontrollably at
                  | your foes. [potion of mutation]
  3299 | D:4      | Gained mutation: You expend magic power (3 MP) to
                  | strengthen your wands. [potion of mutation]
  3466 | D:4      | Reached skill level 1 in Invocations
  3566 | D:4      | Found a shattered altar of Ashenzari.
  3608 | D:5      | Entered Level 5 of the Dungeon
  3625 | D:5      | Reached XP level 6. HP: 35/53 MP: 9/9
  3827 | D:5      | Reached * piety under Okawaru
  3827 | D:5      | Reached skill level 5 in Fighting
  3910 | D:5      | Your scales start taking on an icy white colour.
  3910 | D:5      | Reached XP level 7. HP: 19/61 MP: 10/10
  3910 | D:5      | Gained mutation: Your flesh is cold resistant. (rC+) [White
                  | Draconian growth]
  4160 | D:5      | Reached skill level 5 in Maces & Flails
  4352 | D:5      | Reached ** piety under Okawaru
  4362 | D:5      | Reached skill level 6 in Fighting
  4377 | D:5      | HP: 2/94 [orc priest/divine providence (12)]
  4378 | D:5      | Killed from afar by an orc priest

Skill      XL: |  1  2  3  4  5  6  7 |
---------------+----------------------+-----
Fighting       | 3 4 5 6 |  6.2
Maces & Flails | 3 4 5 |  5.6
Dodging        | 3 4 |  4.0
Invocations    | 1 2 3 |  3.1
Spellcasting   | |  2.0
Charms         | |  2.6

Action                   |  1- 3 |  4- 6 |  7- 9 || total
-------------------------+-------+-------+-------++-------
Melee: Mace              |   170 |   250 |       ||   420
       Tailslap          |    14 |    29 |     3 ||    46
       Morningstar       |       |    13 |    42 ||    55
  Use: Scroll            |     1 |     6 |       ||     7
       Potion            |       |     8 |     2 ||    10
 Stab: Sleeping          |       |     2 |       ||     2
  Eat: Chunk             |     2 |     5 |     1 ||     8
       Ration            |       |     1 |       ||     1
Armor: Skin              |   100 |   114 |    22 ||   236
Dodge: Dodged            |   169 |   211 |    26 ||   406
